 Dungeon Crawl Stone Soup version 0.22.1-1-ga44c0e5 (webtiles) character file.

368 Folque the Slinger (level 7, 0/46 HPs)
             Began as a Halfling Hunter on Sept 26, 2018.
             Killed by divine providence
             ... invoked by an orc priest
              (13 damage)
             ... on level 3 of the Dungeon.
             The game lasted 00:07:33 (2444 turns).

Folque the Slinger (Halfling Hunter)                Turns: 2444, Time: 00:07:34

Health: 0/46       AC:  3    Str: 13      XL:     7   Next: 1%
Magic:  7/7        EV: 15    Int:  8 (9)  God:
Gold:   66         SH:  0    Dex: 16 (17) Spells: 6/6 levels left

rFire    . . .     SeeInvis .   w - +1 hunting sling
rCold    . . .     Gourm    .   (shield restricted)
rNeg     . . .     Faith    .   c - +0 leather armour
rPois    .         Spirit   .   (no helmet)
rElec    .         Reflect  .   (no cloak)
rCorr    .         Harm     .   (no gloves)
MR       .....                  (no boots)
Stlth    ++........             (no amulet)
HPRegen  0.15/turn              (no ring)
MPRegen  0.10/turn              (no ring)

@: very slightly contaminated
A: small, mutation resistance 1
a: no special abilities


You were on level 3 of the Dungeon.
You were not hungry.

You visited 1 branch of the dungeon, and saw 3 of its levels.

You collected 66 gold pieces.

Inventory:

Hand Weapons
 e - a +0 short sword
 k - a cursed -3 blowgun
 w - a +1 hunting sling (weapon)
Missiles
 i - 16 poisoned needles
 q - 31 sling bullets (quivered)
Armour
 c - a +0 leather armour (worn)
Jewellery
 a - an uncursed ring of flight {unknown}
 b - an uncursed ring of protection from magic {unknown}
 n - an uncursed ring of poison resistance {unknown}
Wands
 h - a wand of random effects (18)
Scrolls
 d - 3 scrolls of identify {unknown}
 j - 2 scrolls of blinking
 m - a scroll of remove curse
 o - 2 scrolls of enchant armour {unknown}
 p - a scroll of amnesia {unknown}
Comestibles
 f - 5 rations
 g - 3 chunks of flesh


   Skills:
 - Level 3.0 Fighting
 + Level 1.7 Short Blades
 * Level 8.7 Slings
 + Level 2.7 Armour
 + Level 3.3 Dodging
 - Level 1.1 Stealth


You had 6 spell levels left.
You didn't know any spells.
Your spell library was empty.

Dungeon Overview and Level Annotations

Branches:
Dungeon (3/15)

Altars:
Dithmenos


Innate Abilities, Weirdness & Mutations

You are small and have problems with some larger weapons.
You are somewhat resistant to further mutation.


Message History

Wield which item (- for none, * to show all)? (? for menu, Esc to quit)
Okay, then.
You aren't carrying any potions.
You aren't carrying any potions.
Blink to where?
Press: ? - help, Dir - move target cursor You are very lightly contaminated with residual magic.
As you read the scroll of blinking, it crumbles to dust.
You start resting.
The orc priest is too close now for your liking.
Wield which item (- for none, * to show all)? (? for menu, Esc to quit)
w - a +1 hunting sling (weapon)
Firing (i - inventory)
q - 32 sling bullets (quivered)
Press: ? - help, Shift-Dir - straight line, f - orc priest
Aim: an orc priest, wielding a hand axe and wearing a leather armour You shoot a sling bullet.
The sling bullet hits the orc priest but does no damage.
The orc priest mumbles some strange prayers to Beogh against you.
Beogh smites you!
You die...

#.##...............#.#
#..#...............#.#
#..................#.#
#...........########.#
#............... ..#
#............... ..#
#...†............. ..#
#########...##..#.........
#...........##@.#.........
#.........#.##............
###.........#..#o.........
..'.......................
###.........##.#..#.......
#.........##.#..#..$....
#.........##.#..#$....
#.........##.#..# ####
#.........##.#..#


You could see an orc priest.

Vanquished Creatures
  Grinder (D:3)
  Ijyb (D:3)
  Natasha (twice) (D:3)
  An orc wizard (D:2)
  4 adders
  A worm (D:2)
  A dart slug (D:2)
  A leopard gecko (D:2)
  3 orcs (D:2)
  3 giant cockroaches
  4 goblins
  4 hobgoblins
  3 jackals (D:1)
  A quokka (D:2)
  4 bats (D:2)
  A frilled lizard (D:1)
  2 kobolds
  3 rats
40 creatures vanquished.

Notes
Turn   | Place    | Note
-------+----------+-------------------------------------------
     0 | D:1      | Folque the Halfling Hunter began the quest for the Orb.
     0 | D:1      | Reached XP level 1. HP: 14/14 MP: 1/1
   349 | D:1      | Reached skill level 6 in Slings
   349 | D:1      | Reached XP level 2. HP: 19/19 MP: 2/2
   854 | D:2      | Reached XP level 3. HP: 24/25 MP: 3/3
  1169 | D:2      | Found a shadowy altar of Dithmenos.
  1313 | D:2      | Reached XP level 4. HP: 31/31 MP: 4/4
  1385 | D:2      | Reached skill level 7 in Slings
  1385 | D:2      | Reached skill level 1 in Armour
  1750 | D:3      | Noticed Ijyb
  1776 | D:3      | Killed Ijyb
  1776 | D:3      | Reached XP level 5. HP: 25/36 MP: 5/5
  1851 | D:3      | Noticed Natasha
  1877 | D:3      | Killed Natasha
  2096 | D:3      | Noticed Natasha
  2119 | D:3      | Killed Natasha
  2282 | D:3      | Noticed Grinder
  2300 | D:3      | Paralysed by Grinder for 7 turns
  2311 | D:3      | Paralysed by Grinder for 4 turns
  2323 | D:3      | Killed Grinder
  2323 | D:3      | Reached skill level 1 in Short Blades
  2323 | D:3      | Reached skill level 8 in Slings
  2323 | D:3      | Reached XP level 6. HP: 21/42 MP: 6/6
  2323 | D:3      | Reached XP level 7. HP: 23/46 MP: 7/7
  2444 | D:3      | Killed from afar by an orc priest

Skill      XL: |  1  2  3  4  5 |
---------------+----------------+-----
Fighting       | 2 3 |  3.0
Slings         | 6 7 8 |  8.7
Armour         | 1 2 |  2.7
Short Blades   | 1 |  1.7
Dodging        | 3 |  3.3
Stealth        | |  1.1

Action                   |  1- 3 |  4- 6 |  7- 9 || total
-------------------------+-------+-------+-------++-------
Melee: Short sword       |    95 |    68 |     7 ||   170
 Fire: Hunting sling     |    16 |    38 |     1 ||    55
  Use: Scroll            |     3 |     1 |     1 ||     5
       Potion            |       |     4 |       ||     4
 Stab: Sleeping          |     2 |       |       ||     2
  Eat: Chunk             |     1 |     2 |     2 ||     5
Armor: Leather armour    |    17 |    13 |       ||    30
Dodge: Dodged            |    67 |    65 |    10 ||   142
